 Dungeon Crawl Stone Soup version 0.30.1-9-gdf580d7c3d (webtiles) character file.

Game seed: 16902919176388029119

110 mortz the Conjurer (level 5, -1/28 HPs)
             Began as a Kobold Conjurer on Sept 25, 2023.
             Constricted to death by Ijyb (4 damage)
             ... on level 3 of the Dungeon.
             The game lasted 00:09:32 (2493 turns).

mortz the Conjurer (Kobold Conjurer)                Turns: 2493, Time: 00:09:32

Health: -1/28      AC:  2    Str:  4    XL:     5   Next: 14%
Magic:  2/10       EV: 11    Int: 21    God:
Gold:   18         SH:  0    Dex: 14    Spells: 8/11 levels left

rFire   . . .        a - +1 dagger
rCold   . . .        (no shield)
rNeg    . . .        h - +0 robe
rPois   .            (no helmet)
rElec   .            (no cloak)
rCorr   .            (no gloves)
SInv    +            (no boots)
Will    .....        (no amulet)
Stlth   ++++         k - ring of see invisible
HPRegen 0.24/turn    (no ring)
MPRegen 0.12/turn

%: no passive effects
@: brilliant, grasped by roots, constricted
A: small, no large weapons, nightstalker 3
a: no special abilities


You were on level 3 of the Dungeon.
You visited 1 branch of the dungeon, and saw 3 of its levels.

You collected 108 gold pieces.
You spent 90 gold pieces at shops.

Inventory:

Hand Weapons
 a - a +1 dagger (weapon)
 c - a +0 dagger
 j - a +0 dagger
 l - a +0 short sword
 n - a +0 spear
 p - a +0 short sword
Missiles
 e - 4 poisoned darts
Armour
 h - a +0 robe (worn)
 i - a +0 ring mail
Jewellery
 k - a ring of see invisible (left hand)
Potions
 b - a potion of magic
 d - a potion of brilliance
 f - a potion of curing
 g - a potion of degeneration {unknown}
 o - a potion of invisibility {unknown}


   Skills:
 - Level 2.4 Dodging
 + Level 3.9 Stealth
 * Level 3.5 Spellcasting
 * Level 4.9 Conjurations


You had 8 spell levels left.
You knew the following spells:

 Your Spells              Type           Power      Damage    Failure   Level
a - Magic Dart            Conj           100%       1d8       1%          1
b - Searing Ray           Conj           72%        2d7       2%          2

Your spell library contained the following spells:

 Spells                   Type           Power      Damage    Failure   Level
 Beastly Appendage        Tmut           10%        N/A       13%         1
 Dazzling Flash           Conj/Hex       42%        N/A       14%         3
 Cigotuvi's Dreadful Rot  Necr/Pois/Air  10%        N/A       19%         2
 Wereblood                Tmut           5%         N/A       19%         2
 Spider Form              Tmut/Pois      5%         N/A       36%         3
 Fulminant Prism          Conj/Hex       10%        3d9       41%         4
 Iskenderun's Mystic Bla  Conj/Tloc      21%        2d6       41%         4
 Petrify                  Tmut/Erth      5%         N/A       77%         4
 Alistair's Intoxication  Tmut/Pois      3%         N/A       98%         5


Dungeon Overview and Level Annotations

Branches:
Dungeon (3/15) Zot: 15505

Altars:
Zin

Annotations:
D:3 Ijyb


Innate Abilities, Weirdness & Mutations

You are small and have problems with some larger weapons.
You are completely attuned to the shadows.


Message History

Aim: Ijyb, wielding a +0 dagger, wearing a +0 ring mail and carrying a wand of roots (9) (moderately wounded, 77% to hit)
The searing ray hits Ijyb.
Ijyb is heavily wounded.
Ijyb hits you with a +0 dagger.
* * * LOW HITPOINT WARNING * * *
The grasping roots constrict you.
* * * LOW HITPOINT WARNING * * *
The grasping roots release their grip on you.
You feel better. Ijyb hits you with a +0 dagger.
* * * LOW HITPOINT WARNING * * *
You closely miss Ijyb.
Ijyb is heavily wounded.
Ijyb zaps a wand.
The roots erupt in riotous growth!
The grasping roots grab you!
Ijyb is unaffected.
The grasping roots constrict you.
* * * LOW HITPOINT WARNING * * *
You hear a shout!
You feel better. Ijyb completely misses you. The grasping roots constrict you.
You feel clever all of a sudden. Ijyb hits you with a +0 dagger.
* * * LOW HITPOINT WARNING * * *
The grasping roots constrict you.
* * * LOW HITPOINT WARNING * * *
The grasping roots release their grip on you.
Casting: Searing Ray (safe; 2% risk of failure)
Confirm with . or Enter, or press ? or * to list all spells.
Aiming: Searing Ray (safe; 2% risk of failure)
Press: ? - help, Shift-Dir - straight line, f/p - Ijyb
Aim: Ijyb, wielding a +0 dagger, wearing a +0 ring mail and carrying a wand of roots (8) (heavily wounded, 78% to hit)
You feel a surge of power!
The searing ray misses Ijyb.
Ijyb zaps a wand.
The roots erupt in riotous growth!
The grasping roots grab you!
Ijyb is unaffected.
The grasping roots constrict you.
* * * LOW HITPOINT WARNING * * *
The searing ray hits Ijyb but does no damage.
Ijyb is heavily wounded.
Ijyb hits you with a +0 dagger.
* * * LOW HITPOINT WARNING * * *
The grasping roots constrict you.
You die...

#############
#.#..#..#...#
#.##.##...###
#..#..).###
##....###..
#..†###....
#.###.@g...
#'#......##
#......###
##......##
##......##
##......##
##......##
##......##
##......##


You could see Ijyb.

Vanquished Creatures
  Jessica (D:2)
  4 adders
  A worm (D:2)
  A dart slug (D:2)
  An orc (D:3)
  2 ball pythons (D:2)
  3 bats
  2 endoplasms
  A giant cockroach (D:3)
  2 goblins
  3 hobgoblins
  4 jackals (D:2)
  8 kobolds
  3 quokkas
  A frilled lizard (D:1)
  4 rats
41 creatures vanquished.

Notes
Turn   | Place    | Note
-------+----------+-------------------------------------------
     0 | D:1      | mortz the Kobold Conjurer began the quest for the Orb.
     0 | D:1      | Reached XP level 1. HP: 10/10 MP: 3/3
   109 | D:1      | Got the Precepts of the Transformed Queen Bee
   442 | D:1      | Reached XP level 2. HP: 15/15 MP: 3/5
   445 | D:1      | Learned a level 2 spell: Searing Ray
  1347 | D:2      | Reached XP level 3. HP: 14/19 MP: 1/7
  1529 | D:2      | Noticed Jessica
  1539 | D:2      | Killed Jessica
  1540 | D:2      | Reached XP level 4. HP: 24/24 MP: 4/8
  2217 | D:3      | Found Zin's Purification Station.
  2220 | D:3      | Found a glowing silver altar of Zin.
  2222 | D:3      | Bought a potion of curing for 90 gold pieces
  2309 | D:3      | Reached XP level 5. HP: 28/28 MP: 4/10
  2480 | D:3      | Noticed Ijyb
  2493 | D:3      | Constricted to death by Ijyb

Illustrated notes

Levels and vault maps discovered:
D:1:      lightli_arrival_flooded_house, layout_loops_ring, patterned_corridor
D:2:      layout_basic, kennysheep_generic_room_15, uniq_jessica
D:3:      minmay_razor_zed, layout_loops_corners, zin_purify,
          mainiacjoe_overflow_cross_hatched, slow_altar_1,
          mainiacjoe_overflow_big_doors, serial_shops,
          nicolae_shop_tiny_statue_garden, uniq_ijyb, uniq_terence

Skill      XL: |  1  2  3 |
---------------+----------+-----
Stealth        | 3 |  3.9
Spellcasting   | 3 |  3.5
Dodging        | |  2.4
Conjurations   | |  4.9

Action                     |  1- 3 |  4- 6 || total
---------------------------+-------+-------++-------
  Melee: Club              |     1 |       ||     1
         Dagger            |     8 |     4 ||    12
   Cast: Magic Dart        |    28 |    11 ||    39
         Searing Ray       |     1 |    13 ||    14
    Use: Scroll            |     2 |     3 ||     5
         Potion            |       |     3 ||     3
   Stab: Sleeping          |     7 |     2 ||     9
 Armour: Robe              |     4 |       ||     4
  Dodge: Dodged            |     5 |     9 ||    14
